 Dungeon Crawl Stone Soup version 0.15-a0-1950-gbc841a2 (webtiles) character file.

46 Quh the Firebug (level 3, 0/24 HPs)
             Began as a Demonspawn Fire Elementalist on July 9, 2014.
             Slain by an adder (1 damage)
             ... on Level 2 of the Dungeon.
             The game lasted 00:05:28 (2045 turns).

Quh the Firebug (Demonspawn Fire Elementalist)      Turns: 2045, Time: 00:05:28

HP   0/24        AC  2     Str  8      XL: 3   Next: 44%
MP   1/6         EV 12     Int 17      God:
Gold 46          SH  0     Dex 13      Spells:  2 memorised,  3 levels left

rFire  . . .     SeeInvis .     i - +0 dagger
rCold  . . .     Clarity  .     a - +0 robe
rNeg   . . .     rCorr    .     (no shield)
rPois  .         rRot     .     (no helmet)
rElec  .         Spirit   .     (no cloak)
SustAb .         Warding  .     (no gloves)
rMut   .         Stasis   .     (no boots)
Gourm  .                        (no amulet)
MR     .....                    (no ring)
                                (no ring)

@: lethally poisoned, very slightly contaminated, not resistant to hostile
enchantments, unstealthy
A: spiny 1
a: no special abilities


You were on level 2 of the Dungeon.
You were not hungry.

You visited 1 branch of the dungeon, and saw 2 of its levels.

You collected 46 gold pieces.

Inventory:

Hand weapons
 e - a +0 club
 i - a +0 dagger (weapon)
Missiles
 j - 3 arrows of frost
 n - 15 stones (quivered)
Armour
 a - a +0 robe (worn)
Comestibles
 c - 2 bread rations
 d - 2 slices of pizza
 p - a chunk of ball python flesh
Scrolls
 f - a scroll of amnesia {unknown}
 g - a scroll of identify {unknown}
 h - 2 scrolls of immolation {unknown}
 k - a scroll of enchant armour {unknown}
 m - a scroll of fog {unknown}
 o - a scroll of magic mapping {unknown}
Books
 b - a book of Flames

   Spells                             Type                      Level
   *Flame Tongue                      Conjuration/Fire             1
   *Throw Flame                       Conjuration/Fire             2
   Conjure Flame                      Conjuration/Fire             3
   Inner Flame                        Hexes/Fire                   3
   Sticky Flame                       Conjuration/Fire             4
   Fireball                           Conjuration/Fire             5


   Skills:
 - Level 1.7 Dodging
 - Level 1.7 Stealth
 * Level 2.3 Spellcasting
 * Level 1.9 Conjurations
 * Level 3.5 Fire Magic


You had 3 spell levels left.
You knew the following spells:

 Your Spells              Type           Power        Failure   Level  Hunger
a - Flame Tongue          Conj/Fire      ##...        10%         1    #......
b - Throw Flame           Conj/Fire      ##....       12%         2    ##.....


Dungeon Overview and Level Annotations

Branches:
Dungeon (2/15)

Altars:


Innate Abilities, Weirdness & Mutations

You are partially covered in sharp spines.


Message History

The adder bites you. x2
* * * LOW HITPOINT WARNING * * *
You aren't carrying any potions.
Unknown command.
You aren't carrying any potions.
Read which item? (? for menu, Esc to quit)
Okay, then.
* * * LOW HITPOINT WARNING * * *
You feel sick. The adder bites you.
* * * LOW HITPOINT WARNING * * *
The adder misses you.
* * * LOW HITPOINT WARNING * * *
You feel sick. The adder bites you.
* * * LOW HITPOINT WARNING * * *
You hit the adder.
The adder is heavily wounded.
* * * LOW HITPOINT WARNING * * *
You feel sick. The adder bites you.
You die...

##### #...# ###############
#...# ..............#
####...####
#############)########.........#
#.....................# #######
#.......#####...(.....# .......
#.......########...#### #######
#......@S..........#
.....................#
.##.......######....## ###
#.......# #.#..# .. ....#...##
#.#### .# ##...#.. #..........
.### ##.#### #..#...#.. ...# #.
#......... .#.# #.## ..#..


You could see an adder.

Vanquished Creatures
  2 giant mites (D:1)
  A giant gecko (D:1)
  6 bats
  2 giant cockroaches (D:1)
  3 hobgoblins (D:1)
  4 jackals (D:1)
  3 kobolds
  A ball python (D:2)
  2 giant newts (D:1)
  4 goblins
  A rat (D:1)
29 creatures vanquished.

Notes
Turn   | Place    | Note
--------------------------------------------------------------
     0 | D:1      | Quh, the Demonspawn Fire Elementalist, began the quest for the Orb.
     0 | D:1      | Reached XP level 1. HP: 13/13 MP: 3/3
   122 | D:1      | Reached skill level 3 in Fire Magic
   428 | D:1      | Gained mutation: You are partially covered in sharp spines. [demonic ancestry]
   428 | D:1      | Reached XP level 2. HP: 19/19 MP: 2/4
   498 | D:1      | Learned a level 2 spell: Throw Flame
   822 | D:1      | Reached XP level 3. HP: 24/24 MP: 0/6
  2045 | D:2      | HP: 1/24 [poisoned by an adder]
  2045 | D:2      | Slain by an adder

Action                   || total
-------------------------++-------
Melee: Unarmed           ||     6
       Club              ||     9
       Dagger            ||    33
 Cast: Flame Tongue      ||    38
       Throw Flame       ||    12
  Eat: Chunk             ||     5
